Map: Blackpink LE

Players

Infamous - Winner!

  • Race: Protoss Protoss
  • League: Gold
  • Spawn Location: 1:00

A.I. 1 (Very Easy)

  • Race: Protoss Protoss
  • Spawn Location: 7:00

VOD

Have the link to the VOD?

Description

Time

  • Played on: April 19, 2018, 11:32 a.m.
  • Length: 8:13
Show
View Real Time Build Order
Export as new Build Order

Infamous Protoss - Winner!

Build Orders: 1 Gate Expand 

Get SALT Encoding   

  12  0:01  Probe  
  13  0:13  Probe  
  14  0:24  Probe  
  14  0:25  Pylon  
  15  0:41  Probe  
  15  0:49  Gateway  
  16  0:52  Probe  
  17  1:00  Probe  
  18  1:19  Nexus  
  18  1:28  Probe  
  19  1:38  Cybernetics Core  
  19  1:42  Probe  
  19  1:44  Assimilator  
  20  2:02  Pylon  
  20  2:11  Probe  
  21  2:21  Adept  
  23  2:31  Probe x2  
  23  2:33  Warp Gate  
  23  2:36  Assimilator  
  25  2:47  Probe x2  
  27  2:59  Probe  
  27  3:00  Probe  
  27  3:03  Stalker  
  29  3:09  Gateway  
  31  3:25  Probe  
  33  3:27  Probe  
  33  3:29  Stalker  
  33  3:33  Stargate  
  35  3:44  Probe  
  35  3:45  Probe  
  37  3:56  Probe  
  37  3:57  Probe  
  39  4:17  Probe x2  
  44  4:24  Oracle  
  44  4:46  Stalker  
  46  4:54  Pylon  
  46  4:58  Assimilator  
  46  5:01  Assimilator  
  46  5:02  Pylon  
  46  5:12  Probe x2  
  48  5:22  Probe  
  48  5:23  Twilight Council  
  48  5:25  Probe  
  50  5:30  Probe  
  50  5:31  Oracle  
  54  5:37  Probe  
  54  5:42  Pylon  
  55  5:43  Probe  
  56  5:51  Blink  
  56  6:02  Stalker  
  56  6:03  Stalker  
  60  6:11  Probe x2  
  62  6:21  Cybernetics Core  
  62  6:23  Probe x2  
  62  6:24  Oracle  
  67  6:32  Gateway  
  67  6:33  Gateway  
  67  6:36  Gateway  
  67  6:58  Pylon  
  67  7:16  Probe x2  
  69  7:23  Templar Archives  
  69  7:25  Cybernetics Core  
  69  7:28  Probe  
  70  8:06  Nexus  
  70  8:09  Pylon  
  70  8:10  Pylon  
  70  8:12  Pylon  
Show
View Real Time Build Order
Export as new Build Order

A.I. 1 (Very Easy) Protoss 

Build Orders:  

Get SALT Encoding   

  12  0:00  Probe  
  13  0:13  Probe  
  14  0:20  Pylon  
  14  0:36  Assimilator  
  14  0:44  Gateway  
  14  0:46  Pylon  
  14  1:13  Assimilator  
  14  1:23  Probe  
  14  1:31  Probe  
  15  1:33  Cybernetics Core, Zealot  
  15  1:39  Probe  
  19  1:50  Probe  
  20  2:00  Probe  
  20  2:08  Probe  
  21  2:10  Warp Gate  
  22  2:37  Stalker  
  24  5:33  Probe  
  24  5:45  Probe  
  23  5:53  Probe  
  21  6:03  Probe  
  23  6:12  Probe  
  24  6:55  Probe  
  24  6:56  Adept  
  24  6:58  Pylon  
  24  7:00  Robotics Facility  
  27  7:05  Nexus  
  27  7:06  Probe  
  28  7:14  Probe  
  28  7:22  Probe  
  29  7:28  Pylon  
  30  7:34  Probe  
  27  7:47  Probe, Observer  
  22  7:55  Stalker  
  11  7:59  Probe  
Tags
 
League
Gold
Matchup
PvP
Replay Pack
Last Remnant (2)
Spawn Locations
Cross Positions
Add a new tag
Caveats
  • Supply blocks, unpowered buildings, or Contaminate may cause inaccurate times.
  • Supply counts are checked every 10 seconds.